 Dungeon Crawl Stone Soup version 0.30.0-12-gd5a94ecb5d (webtiles) character file.

Game seed: 11973008774512622159

38 Cruella the Poker (level 3, -4/46 HPs)
             Began as a Meteoran Cinder Acolyte on May 17, 2023.
             Was a High Priest of Ignis.
             Slain by a gnoll
             ... wielding a +0 halberd
              (6 damage)
             ... on level 4 of the Dungeon.
             The game lasted 00:06:23 (515 turns).

Cruella the Poker (Meteoran Cinder Acolyte)          Turns: 515, Time: 00:06:23

Health: -4/46      AC:  9    Str: 17    XL:     3   Next: 91%
Magic:  14/14      EV:  9    Int: 16    God:    Ignis [*****.]
Gold:   37         SH:  6    Dex:  9    Spells: 4/4 levels left

rFire   + . .        a - -1 spear (flame)
rCold   . . .        f - +0 kite shield
rNeg    + . .        b - +0 robe
rPois   .            (no helmet)
rElec   .            (no cloak)
rCorr   .            (no gloves)
SInv    .            (no boots)
Will    .....        (no amulet) Stlth
                     d - ring of magical power
HPRegen 0.27/turn    h - ring of positive energy
MPRegen 0.14/turn

%: no passive effects
@: berserking, lethally poisoned (-4 -> -5), fiery-armoured, glowing, very quick
A: sense surroundings 1, otherworldly, glowing, explore regen, low MP 2,
MP-powered wands
a: Renounce Religion, Fiery Armour, Foxfire Swarm, Rising Flame


You were on level 4 of the Dungeon.
You worshipped Ignis.
Ignis was extremely pleased with you.
You visited 1 branch of the dungeon, and saw 4 of its levels.

You collected 37 gold pieces.

Inventory:

Hand Weapons
 a - a -1 spear of flaming (weapon)
 k - a +1 heavy falchion
Missiles
 e - 6 boomerangs (quivered)
Armour
 b - a +0 robe (worn)
 f - a +0 kite shield (worn)
Jewellery
 d - a ring of magical power (left hand)
 h - a ring of positive energy (right hand)
Scrolls
 g - a scroll of blinking {unknown}
 j - a scroll of torment {unknown}


   Skills:
 - Level 3.2 Fighting
 + Level 5.0 Polearms
 + Level 1.4 Shields
 - Level 1.3 Spellcasting
 - Level 3.6 Fire Magic


You had 4 spell levels left.
You didn't know any spells.
Your spell library contained the following spells:

 Spells                   Type           Power      Damage    Failure   Level
 Scorch                   Fire           24%        2d6       22%         2


Dungeon Overview and Level Annotations

Branches:
Dungeon (4/15) Zot: 1885
 Temple: D:4-7

Altars:
Makhleb

Annotations:
D:4 Pikel


Innate Abilities, Weirdness & Mutations

You passively map a small area around you.
You are easily found by Zot.
You glow in the dark.
You regain HP and MP as you explore.
Your magical capacity is very low. (-20% MP)
You expend magic power (3 MP) to strengthen your wands.


Message History

The gnoll is burned by your cloak of flames.
The gnoll is heavily wounded.
A lemure comes into view.
The gnoll hits you from afar with a +0 halberd.
The lemure shouts!
You hit the gnoll. You burn the gnoll.
The gnoll is almost dead.
You feel sick.
You hear a shout! x2; You hear an angry hiss.
You hear a shout! x2
The gnoll barely misses you.
A lemure comes into view.
The gnoll hits you from afar with a +0 halberd!
A lemure comes into view.
The iguana barely misses you.
It was a potion of mutation.
You feel extremely strange.
You feel your magical essence link to the dungeon's wands.
You feel less energetic. x2
You feel sick. The gnoll hits you but does no damage.
The gnoll is burned by your cloak of flames.
You kill the gnoll!
The gnoll closely misses you. The iguana bites you.
* * * LOW HITPOINT WARNING * * *
The iguana is burned by your cloak of flames.
The iguana is moderately wounded.
Your Polearms skill increases to level 5!
It was a potion of berserk rage.
A red film seems to cover your vision as you go berserk!
You feel yourself moving faster!
You feel mighty!
You feel sick.
The gnoll hits you from afar with a +0 halberd.
* * * LOW HITPOINT WARNING * * *
The iguana closely misses you. You block the hobgoblin's attack.
Press: ? - help, v - describe, . - travel
Here: a gnoll, wielding a +0 halberd and quivering a throwing net The floor.
Unknown command.
You are too injured to fight recklessly!
You feel a strong urge to attack something.
* * * LOW HITPOINT WARNING * * *
You feel sick. The gnoll hits you with a +0 halberd.
You die...

~ * , ~ .. * , .# , * ,
#.# ~ .# * # * #.# .###.#
* #.#~ * ..... *###*
####.#####..., , , ...
>....##.g.# * * #.#
#...###@### *, * #.#
#......l.K###.., * #.#
#...###.g..55...
###.######......K#####...
...........#####....... #
* .....#####$##b##.#####[
<###.# #l#..~#.# * , .#
#.# #.#.~~#.. .# #.#
#<##~##.. , , , , ~


You could see Pikel, 2 lemures, an iguana, a gnoll, a hobgoblin and a kobold.

Vanquished Creatures
  A gnoll (D:4)
  An adder (D:3)
  3 ball pythons
  An endoplasm (D:3)
  A giant cockroach (D:2)
  2 goblins (D:3)
  3 jackals (D:3)
  A kobold (D:2)
  3 bats
  3 rats
19 creatures vanquished.

Notes
Turn   | Place    | Note
-------+----------+-------------------------------------------
     0 | D:1      | Cruella the Meteoran Cinder Acolyte began the quest for the
                  | Orb.
     0 | D:1      | Reached XP level 1. HP: 19/19 MP: 3/3
    53 | D:3      | Found a burning altar of Makhleb.
    74 | D:3      | Reached skill level 4 in Polearms
    74 | D:3      | Reached XP level 2. HP: 18/26 MP: 5/5
   217 | D:2      | Reached XP level 3. HP: 31/31 MP: 6/6
   294 | D:3      | Reached skill level 1 in Shields
   509 | D:4      | Noticed Pikel
   511 | D:4      | Noticed a lemure
   512 | D:4      | Noticed a lemure
   512 | D:4      | Noticed a lemure
   513 | D:4      | Gained mutation: You expend magic power (3 MP) to
                  | strengthen your wands. [potion of mutation]
   513 | D:4      | Gained mutation: Your magical capacity is low. (-10% MP)
                  | [potion of mutation]
   513 | D:4      | Gained mutation: Your magical capacity is very low. (-20%
                  | MP) [potion of mutation]
   514 | D:4      | Reached skill level 5 in Polearms
   515 | D:4      | HP: 2/46 [poisoned by a kobold]
   515 | D:4      | Slain by a gnoll

Illustrated notes

Levels and vault maps discovered:
D:1:      eino_arrival_water_star, layout_basic
D:2:      layout_rooms, hangedman_decor_push, corner_web_ring,
          chequers_serial_rivers_small_3, kennysheep_nub,
          kennysheep_small_spiral, kennysheep_cluttered_room, uniq_terence
D:3:      layout_loops_ring, lemuel_crystal_altar, serial_shops, shop
D:4:      layout_loops_ring, mainiacjoe_overflow_chevrons, slow_altar_2,
          serial_aquarium, aquarium_bridge_long_separate
          [aquarium_subvault_wall, aquarium_subvault_wall,
          aquarium_subvault_bridge, aquarium_subvault_wall,
          aquarium_subvault_bridge, aquarium_subvault_bridge],
          aquarium_bridge_square [aquarium_subvault_wall,
          aquarium_subvault_bridge, aquarium_subvault_bridge,
          aquarium_subvault_wall], aquarium_window_1, aquarium_window_1,
          aquarium_window_fake, aquarium_window_corridor_3, aquarium_view_2a,
          aquarium_view_2d, aquarium_pool_side, uniq_pikel, uniq_duvessa

Skill      XL: |  1  2  3 |
---------------+----------+-----
Polearms       | 4 5 |  5.0
Shields        | 1 |  1.4
Fighting       | |  3.2
Spellcasting   | |  1.3
Fire Magic     | |  3.6

Action                     || total
---------------------------++-------
  Melee: Spear             ||    74
  Throw: Boomerang         ||     3
 Invoke: Fiery Armour      ||     1
    Use: Potion            ||     2
 Armour: Robe              ||    15
  Dodge: Dodged            ||    27
  Block: Kite shield       ||    15
